 Dungeon Crawl Stone Soup version 0.18.1-6-gd335043 (webtiles) character file.

59781 Hipnos the Unseen (level 14, -24/68 HPs)
             Began as a Vine Stalker Enchanter on May 15, 2016.
             Was a High Priest of Ashenzari.
             Annihilated by an azure jelly (25 damage)
             ... on level 1 of the Pits of Slime.
             The game lasted 01:32:17 (21309 turns).

Hipnos the Unseen (Vine Stalker Enchanter)         Turns: 21309, Time: 01:32:18

Health: -24/68     AC: 12    Str: 11    XL:     14   Next: 96%
Magic:  0/30       EV: 15    Int: 19    God:    Ashenzari [*****.]
Gold:   1190       SH:  8    Dex: 11    Spells: 6 memorised, 11 levels left

rFire  + + .     SeeInvis +     C - +6 dagger (venom) (curse)
rCold  . . .     Gourm    +     M - +1 robe "Hero's Friend" {rF++ Stlth+} (curse)
rNeg   + . .     Faith    .     J - +3 buckler
rPois  .         Spirit   +     G - +1 helmet
rElec  .         Dismiss  .     q - +2 cloak (curse)
rCorr  .         Reflect  .     (no gloves)
SustAt .         Harm     .     (no boots)
MR     +....     Clarity  +     a - amulet of the gourmand
Stlth  ++++++++..               D - +4 ring of protection
                                N - ring of Bodiyni {+Inv rN+ Dex-5 Stlth+}

@: somewhat resistant to hostile enchantments, extraordinarily stealthy
A: fangs 3, regeneration 3, magic shield, antimagic bite, no device heal 3, rot
immunity
a: Curse Item, Scrying, Transfer Knowledge, Renounce Religion, Evoke
Invisibility


You were on level 1 of the Pits of Slime.
You worshipped Ashenzari.
Ashenzari was extremely pleased with you.
You were full.

You visited 5 branches of the dungeon, and saw 25 of its levels.
You also visited: Labyrinth.

You collected 1190 gold pieces.

Inventory:

Hand Weapons
 C - a cursed +6 dagger of venom (weapon)
Armour
 q - a cursed +2 cloak (worn)
 A - a +2 robe of positive energy
 G - a +1 helmet (worn)
 J - a +3 buckler (worn)
 M - the cursed +1 robe "Hero's Friend" (worn) {rF++ Stlth+}
   (You found it on level 1 of the Lair of Beasts)

   It greatly protects you from fire.
   It makes you more stealthy.
   It has a curse placed upon it.
Jewellery
 a - an amulet of the gourmand (around neck)
 f - an uncursed ring of ice
 v - a +2 ring of intelligence
 x - an uncursed ring of positive energy
 D - a +4 ring of protection (right hand)
 N - the ring of Bodiyni (left hand) {+Inv rN+ Dex-5 Stlth+}
   (You found it on level 1 of the Shoals)

   [ring of positive energy]

   It affects your dexterity (-5).
   It protects you from negative energy.
   It lets you turn invisible.
   It makes you more stealthy.
 W - an uncursed ring of sustain attributes
Wands
 B - a wand of polymorph (17/24)
 K - a wand of flame (48/48)
 Q - a wand of lightning (11/15)
 Z - a wand of iceblast (3/15)
Scrolls
 e - a scroll of fear
 u - 7 scrolls of teleportation
 w - a scroll of summoning
 H - a scroll of enchant armour
 L - a scroll of magic mapping
 P - 2 scrolls of recharging
 V - 4 scrolls of identify
Potions
 b - 2 potions of mutation
 j - 2 potions of brilliance
 m - 11 potions of curing
 n - a potion of invisibility
 p - 2 potions of ambrosia
 r - 2 potions of agility
 s - 2 potions of might
 t - 2 potions of cancellation
 z - 4 potions of flight
 E - 3 potions of haste
 I - a potion of resistance
 Y - 4 potions of lignification
Books
 c - a book of Maledictions

   Spells                             Type                      Level
   a - Corona                         Hexes                        1
   b - Ensorcelled Hibernation        Hexes/Ice                    2
   c - Confuse                        Hexes                        3
   d - Tukima's Dance                 Hexes                        3
   e - Dazzling Spray                 Conjuration/Hexes            3
 h - a book of the Tempests

   Spells                             Type                      Level
   a - Static Discharge               Conjuration/Air              3
   b - Lightning Bolt                 Conjuration/Air              5
   c - Fireball                       Conjuration/Fire             5
   d - Tornado                        Air                          9
   e - Shatter                        Earth                        9
 o - a book of Unlife

   Spells                             Type                      Level
   a - Recall                         Summoning/Translocation      3
   b - Animate Dead                   Necromancy                   4
   c - Control Undead                 Necromancy                   4
   d - Cigotuvi's Embrace             Necromancy                   5
   e - Death Channel                  Necromancy                   6
   f - Simulacrum                     Ice/Necromancy               6
 y - a book of Callings

   Spells                             Type                      Level
   a - Summon Small Mammal            Summoning                    1
   b - Call Imp                       Summoning                    2
   c - Call Canine Familiar           Summoning                    3
   d - Summon Guardian Golem          Hexes/Summoning              3
   e - Summon Lightning Spire         Summoning/Air                4
   f - Summon Ice Beast               Ice/Summoning                4
 O - a book of Clouds

   Spells                             Type                      Level
   a - Mephitic Cloud                 Conjuration/Poison/Air       3
   b - Conjure Flame                  Conjuration/Fire             3
   c - Poisonous Cloud                Conjuration/Poison/Air       6
   d - Freezing Cloud                 Conjuration/Ice/Air          6
   e - Ring of Flames                 Charms/Fire                  7
 R - a book of Burglary

   Spells                             Type                      Level
   a - Swiftness                      Charms/Air                   2
   b - Passwall                       Transmutation/Earth          2
   c - Passage of Golubria            Translocation                4
   d - Lee's Rapid Deconstruction     Earth                        5
   e - Darkness                       Hexes                        6
   f - Invisibility                   Hexes                        6
 T - a book of Debilitation

   Spells                             Type                      Level
   a - Corona                         Hexes                        1
   b - Slow                           Hexes                        2
   c - Gell's Gravitas                Hexes/Translocation          3
   d - Inner Flame                    Hexes/Fire                   3
   e - Cause Fear                     Hexes                        4
   f - Leda's Liquefaction            Hexes/Earth                  4
Miscellaneous
 X - a disc of storms
Comestibles
 d - 10 bread rations
 g - 7 fruits
 i - 10 slices of pizza
 k - 6 beef jerkies
 l - 7 meat rations
 F - 2 royal jellies


   Skills:
 + Level 5.0 Fighting
 + Level 4.3(8.1) Short Blades
 + Level 8.2 Dodging
 + Level 17.4 Stealth
 - Level 4.6 Shields
 - Level 11.1 Spellcasting
 * Level 13.8 Hexes
 - Level 0.2 Ice Magic


You had 11 spell levels left.
You knew the following spells:

 Your Spells              Type           Power        Failure   Level  Hunger
b - Ensorcelled Hibernat  Hex/Ice        #####.       1%          2    None
c - Confuse               Hex            ######..     1%          3    None
d - Gell's Gravitas       Hex/Tloc       #####.....   1%          3    None
e - Darkness              Hex            ######....   3%          6    ######.
f - Invisibility          Hex            ######..     3%          6    ######.
g - Cause Fear            Hex            ######....   1%          4    ##.....


Dungeon Overview and Level Annotations

Branches:
Dungeon (12/15)            Temple (0/1) D:5            Lair (8/8) D:11
 Shoals (1/4) Lair:4        Snake (2/4) Lair:3        Slime (2/6) Lair:8
    Orc: D:9-12

Altars:
Ashenzari
Gozag
Nemelex Xobeh
Ru
Vehumet
Yredelemnul
Beogh
Jiyva

Shops:
D:5 **   D:7 :   Shoals:1 ?

Annotations:
Shoals:1 1 runed door


Innate Abilities, Weirdness & Mutations

You have razor-sharp teeth.
You regenerate.
When hurt, damage is shared between your health and your magic reserves.
Your bite disrupts and absorbs the magic of your enemies.
Potions and wands cannot restore your health.
You are immune to rotting.


Message History

The azure jelly hits you but does no damage. x2
The azure jelly hits you. x2
You climb upwards.
There is a stone staircase leading down here.
The azure jelly hits you but does no damage.
The azure jelly hits you. The azure jelly freezes you!!
The azure jelly hits you. x2
Casting: Confuse
Confirm with . or Enter, or press ? or * to list all spells.
Aiming: Confuse
Press: ? - help, Shift-Dir - straight line, f - azure jelly
Aim: an azure jelly (chance to defeat MR: 26%)
The azure jelly easily resists.
The eye of devastation turns its gaze towards you.
The azure jelly hits you! The azure jelly freezes you!!!
* * * LOW HITPOINT WARNING * * *
The azure jelly hits you!
* * * LOW HITPOINT WARNING * * *
The azure jelly freezes you!!
You die...

*** #...##.....## * ,, *
#...###.....### * ...#
#....##.......##
..#.###.....##.......#
#####.....##.....#.......##
##.#........##.............#
##.................#.......##
#.....#...........##.....###
#.............@..#....#.##
##............J..........##
##.........................#
#.........................##
#..^........>...........###
##.....................#.##
#.........G........#......#
##..................#....##
#.........................##


You could see an azure jelly and an eye of devastation.

Vanquished Creatures
  An acid blob (Slime:1)
  2 azure jellies (Slime:1)
  A minotaur (Lab)
  A catoblepas (Lair:4)
  4 naga warriors (Snake:1)
  A great orb of eyes (Slime:1)
  4 hydras
  An anaconda (Snake:1)
  11 death yaks
  2 naga sharpshooters (Snake:1)
  A sea snake (Shoals:1)
  A naga ritualist (Snake:1)
  A wolf spider (Lair:1)
  Pikel (D:6)
  2 mana vipers (Snake:1)
  An oklob plant (Lair:4)
  A cyclops (Shoals:1)
  2 manticores
  A salamander (Snake:1)
  A shining eye (Slime:2)
  4 griffons
  3 centaur zombies
  A siren (Shoals:1)
  An eye of devastation (Slime:1)
  A naga mage (Snake:1)
  12 spiny frogs
  Psyche (D:9)
  14 black mambas
  3 komodo dragons
  A merfolk (Shoals:1)
  2 trolls (D:11)
  Grinder (D:4)
  A polar bear (Lair:7)
  14 slime creatures
  16 blink frogs
  A vampire (D:11)
  10 yaks
  7 hippogriffs
  4 hungry ghosts (Lab)
  2 basilisks
  A human (D:9)
  Menkaure (D:4)
  A steam dragon (Lair:4)
  A vampire mosquito (D:11)
  3 nagas
  8 water moccasins
  2 slaves (D:6)
  Duvessa (D:5)
  12 porcupines
  An orc warrior (D:9)
  2 sky beasts
  An ice beast (D:6)
  A phantom (D:11)
  A wasp (Lair:1)
  2 black bears
  An eye of draining (Slime:1)
  7 centaurs
  5 ogres
  14 crocodiles
  32 wolves
  A big kobold (D:10)
  15 giant frogs
  Blork the orc (D:5)
  Dowan (D:5)
  A wyvern zombie (D:9)
  A water moccasin skeleton (D:5)
  A wyvern skeleton (D:10)
  3 scorpions
  8 wights
  An electric eel (Lair:4)
  3 howler monkeys
  10 jellies
  A crimson imp (D:6)
  3 hounds
  2 orc priests
  2 centaur skeletons
  Crazy Yiuf (D:2)
  2 giant frog skeletons
  Jessica (D:2)
  7 orc wizards
  Ijyb (D:2)
  6 iguanas
  Natasha (thrice) (D:2)
  4 worker ants
  A killer bee zombie (D:9)
  5 sheep
  A hound zombie (D:6)
  2 hound skeletons
  A worker ant zombie (D:5)
  15 gnolls
  37 river rats
  10 adders
  2 howler monkey skeletons
  A shadow imp (D:9)
  An ooze (D:3)
  An adder zombie (D:9)
  2 worms
  An adder skeleton (D:4)
  2 dart slugs
  7 giant geckos
  34 orcs
  3 ball pythons
  7 giant cockroaches
  10 goblins
  8 hobgoblins
  12 jackals
  6 kobolds
  A quokka (D:7)
  9 bats
  5 giant newts
  A quokka skeleton (D:6)
  2 quokka zombies (D:5)
  4 rats
506 creatures vanquished.

Vanquished Creatures (others)
  An orc priest (D:6)
  An adder skeleton (D:6)
  2 bushes (Lair:1)
  14 fungi
  32 plants
50 creatures vanquished.

Grand Total: 556 creatures vanquished

Notes
Turn   | Place    | Note
--------------------------------------------------------------
     0 | D:1      | Hipnos the Vine Stalker Enchanter began the quest for the Orb.
     0 | D:1      | Reached XP level 1. HP: 9/9 MP: 4/4
   142 | D:1      | Reached XP level 2. HP: 13/13 MP: 6/6
   167 | D:1      | Reached skill level 4 in Stealth
   211 | D:1      | Reached skill level 1 in Short Blades
   724 | D:1      | Learned a level 2 spell: Ensorcelled Hibernation
   843 | D:2      | Reached XP level 3. HP: 16/16 MP: 7/7
   861 | D:2      | Noticed Jessica
   867 | D:2      | Killed Jessica
   873 | D:2      | Noticed Ijyb
   885 | D:2      | Reached XP level 4. HP: 19/21 MP: 0/8
   982 | D:2      | Killed Ijyb
   982 | D:2      | Reached skill level 5 in Stealth
  1102 | D:2      | Found a basalt altar of Yredelemnul.
  1257 | D:2      | Reached XP level 5. HP: 25/25 MP: 9/9
  1295 | D:2      | Noticed Natasha
  1303 | D:2      | Killed Natasha
  1385 | D:2      | Noticed Crazy Yiuf
  1394 | D:2      | Killed Crazy Yiuf
  1498 | D:2      | Noticed Natasha
  1504 | D:2      | Killed Natasha
  1504 | D:2      | Reached skill level 6 in Stealth
  1653 | D:2      | Noticed Natasha
  1662 | D:2      | Killed Natasha
  1662 | D:2      | Gained mutation: You heal very quickly. [Vine Stalker growth]
  1662 | D:2      | Reached XP level 6. HP: 29/29 MP: 8/11
  2035 | D:3      | Found a roughly hewn altar of Beogh.
  2151 | D:3      | Learned a level 3 spell: Confuse
  2207 | D:3      | Reached skill level 1 in Fighting
  2941 | D:4      | Noticed Grinder
  2944 | D:4      | Noticed Menkaure
  2947 | D:4      | Killed Menkaure
  2947 | D:4      | Reached skill level 7 in Stealth
  2947 | D:4      | Reached XP level 7. HP: 33/33 MP: 12/12
  3005 | D:4      | Killed Grinder
  3429 | D:4      | Found a shattered altar of Ashenzari.
  3429 | D:4      | Found a sacrificial altar of Ru.
  3473 | D:4      | Became a worshipper of Ashenzari the Shackled
  3512 | D:4      | Reached skill level 5 in Hexes
  3927 | D:4      | Gained mutation: You have razor-sharp teeth. [Vine Stalker growth]
  3927 | D:4      | Reached XP level 8. HP: 37/37 MP: 15/15
  4090 | D:5      | Entered Level 5 of the Dungeon
  4094 | D:5      | Found an opulent altar of Gozag.
  4095 | D:5      | Noticed Blork the orc
  4097 | D:5      | Found Gozag's Platinum Reserve.
  4109 | D:5      | Killed Blork the orc
  4245 | D:5      | Noticed Dowan
  4246 | D:5      | Noticed Duvessa
  4426 | D:5      | Reached skill level 8 in Stealth
  4434 | D:5      | Found a sparkling altar of Nemelex Xobeh.
  4573 | D:5      | Killed Duvessa
  4601 | D:5      | Killed Dowan
  4633 | D:5      | Found Xuipsizio's Assorted Antiques.
  5017 | D:5      | Found a staircase to the Ecumenical Temple.
  5263 | D:6      | Reached skill level 5 in Spellcasting
  5482 | D:6      | Noticed Pikel
  5495 | D:6      | Killed Pikel
  5495 | D:6      | Reached skill level 9 in Stealth
  5495 | D:6      | Reached XP level 9. HP: 38/42 MP: 4/18
  6530 | D:6      | Reached skill level 10 in Stealth
  6902 | D:7      | Reached * piety under Ashenzari
  6917 | D:7      | Found Lewoj's Book Boutique.
  7634 | D:8      | Reached skill level 11 in Stealth
  7676 | D:8      | Reached XP level 10. HP: 47/47 MP: 20/20
  8364 | D:9      | Noticed Psyche
  8369 | D:9      | Killed Psyche
  8752 | D:9      | Reached skill level 1 in Shields
  9075 | D:9      | Found a radiant altar of Vehumet.
  9200 | D:10     | Entered Level 10 of the Dungeon
  9441 | D:10     | Reached skill level 5 in Dodging
  9499 | D:10     | Reached ** piety under Ashenzari
  9522 | D:10     | Reached skill level 12 in Stealth
 10001 | D:11     | Found a staircase to the Lair.
 10090 | D:11     | Reached XP level 11. HP: 52/52 MP: 23/23
 10907 | Lair:1   | Entered Level 1 of the Lair of Beasts
 10934 | Lair:1   | Noticed a wolf spider
 10982 | Lair:1   | Reached skill level 13 in Stealth
 11004 | Lair:1   | Got the uncursed robe "Hero's Friend" {rF++ Stlth+}
 11015 | Lair:1   | Identified the +1 robe "Hero's Friend" {rF++ Stlth+} (You found it on level 1 of the Lair of Beasts)
 11288 | Lair:1   | Reached *** piety under Ashenzari
 11937 | Lair:1   | Gained mutation: You regenerate. [Vine Stalker growth]
 11937 | Lair:1   | Reached XP level 12. HP: 58/58 MP: 22/25
 12680 | Lair:3   | Found a labyrinth entrance.
 12690 | Lab      | Entered a labyrinth
 13257 | Lab      | Reached skill level 14 in Stealth
 13345 | Lab      | Noticed a minotaur
 13351 | Lab      | Killed a minotaur
 13739 | Lair:3   | Found a staircase to the Snake Pit.
 14049 | Lair:3   | Noticed a four-headed hydra
 14069 | Lair:3   | Killed a four-headed hydra
 14100 | Lair:3   | Learned a level 3 spell: Gell's Gravitas
 14107 | Lair:3   | Learned a level 6 spell: Darkness
 14114 | Lair:3   | Learned a level 6 spell: Invisibility
 14119 | Lair:3   | Learned a level 4 spell: Cause Fear
 14510 | Lair:4   | Reached **** piety under Ashenzari
 14573 | Lair:4   | Noticed a catoblepas
 14789 | Lair:4   | Reached skill level 10 in Hexes
 14797 | Lair:4   | Reached skill level 10 in Spellcasting
 14870 | Lair:4   | Noticed a death yak
 14870 | Lair:4   | Noticed a death yak
 14972 | Lair:4   | Reached XP level 13. HP: 61/61 MP: 20/28
 15176 | Lair:4   | Reached skill level 15 in Stealth
 15481 | Snake:1  | Entered Level 1 of the Snake Pit
 17173 | Lair:4   | Found a staircase to the Shoals.
 17857 | Lair:5   | Reached XP level 14. HP: 67/67 MP: 30/30
 17906 | Shoals:1 | Entered Level 1 of the Shoals
 17906 | Shoals:1 | Found Pujutwum's Magic Scroll Shoppe.
 17935 | Shoals:1 | Reached ***** piety under Ashenzari
 17998 | Shoals:1 | Identified the ring of Bodiyni {+Inv rN+ Dex-5 Stlth+}
 18006 | Shoals:1 | Found a runed door.
 18245 | Lair:3   | Reached skill level 16 in Stealth
 20433 | Lair:8   | Entered Level 8 of the Lair of Beasts
 20455 | Lair:8   | Found a staircase to the Slime Pits.
 20455 | Lair:8   | Found a viscous altar of Jiyva.
 20581 | Slime:1  | Entered Level 1 of the Pits of Slime
 20716 | Slime:1  | Noticed an azure jelly
 20769 | Slime:1  | Noticed an acid blob
 20953 | Slime:1  | Killed an acid blob
 20953 | Slime:1  | Reached skill level 17 in Stealth
 20977 | Slime:2  | Noticed an acid blob
 20977 | Slime:2  | Noticed an azure jelly
 21083 | Slime:1  | Killed an azure jelly
 21225 | Slime:1  | Noticed an azure jelly
 21233 | Slime:1  | Killed an azure jelly
 21302 | Slime:2  | Reached skill level 5 in Fighting
 21309 | Slime:1  | HP: 1/68 [azure jelly (8)]
 21309 | Slime:1  | Annihilated by an azure jelly

Skill      XL: |  1  2  3  4  5  6  7  8  9 10 11 12 13 14 |
---------------+-------------------------------------------+-----
Stealth        | 4 5 6 7 9 11 12 13 14 15 17 | 17.4
Short Blades   | 1 2 3 4 |  4.3
Dodging        | 2 3 4 5 6 7 8 |  8.2
Hexes          | 4 5 6 7 8 9 10 12 13 | 13.8
Fighting       | 1 2 3 4 5 |  5.0
Spellcasting   | 3 4 5 6 7 8 10 11 | 11.1
Shields        | 2 4 |  4.6
Ice Magic      | |  0.2

Action                   |  1- 3 |  4- 6 |  7- 9 | 10-12 | 13-15 || total
-------------------------+-------+-------+-------+-------+-------++-------
Melee: Dagger            |    55 |   186 |   258 |   539 |   483 ||  1521
       Bite              |     7 |    46 |    62 |   119 |   134 ||   368
       Short sword       |       |       |     1 |       |       ||     1
 Cast: Ensorcelled Hiber |     2 |    19 |    49 |   107 |    77 ||   254
       Confuse           |       |     1 |    11 |    47 |    88 ||   147
Invok: Curse Item        |       |       |     1 |     1 |       ||     2
       Scrying           |       |       |       |     2 |       ||     2
  Use: Scroll            |       |       |     5 |    19 |     7 ||    31
       Potion            |       |       |     3 |       |       ||     3
 Stab: Sleeping          |     8 |    23 |    38 |   108 |    81 ||   258
       Confused          |       |       |     5 |    22 |    36 ||    63
       Distracted        |       |       |     1 |     2 |     2 ||     5
  Eat: Chunk             |       |     8 |    26 |    29 |    17 ||    80
Armor: Robe              |    17 |    57 |    40 |   110 |    66 ||   290
Dodge: Dodged            |    48 |   133 |   126 |   253 |   196 ||   756
Block: Buckler           |       |       |       |   141 |   126 ||   267
